 Dungeon Crawl Stone Soup version 0.26-a0-638-gcca6ad1b57 (webtiles) character file.

Game seed: 17594960807701896049

21 DogServant the Sneak (level 2, 13/13 HPs)
             Began as a Spriggan Enchanter on Sept 14, 2020.
             Quit the game on level 2 of the Dungeon.
             The game lasted 00:02:54 (1001 turns).

DogServant the Sneak (Spriggan Enchanter)           Turns: 1001, Time: 00:02:55

Health: 13/13      AC:  2    Str:  4    XL:     2   Next: 65%
Magic:  6/6        EV: 18    Int: 16    God:
Gold:   10         SH:  0    Dex: 16    Spells: 5/6 levels left

rFire    . . .     SeeInvis +   a - +1 dagger
rCold    . . .     Faith    .   (shield restricted)
rNeg     . . .     Spirit   .   b - +0 robe
rPois    .         Reflect  .   (helmet restricted)
rElec    .         Harm     .   (no cloak)
rCorr    .         Rampage  .   (gloves unavailable)
MR       .....                  (boots unavailable)
Stlth    +++.......             (no amulet)
HPRegen  0.04/turn              (no ring)
MPRegen  0.10/turn              (no ring)

@: very quick
A: very small, unfitting armour, see invisible, speed 3
a: no special abilities


You were on level 2 of the Dungeon.
You visited 1 branch of the dungeon, and saw 2 of its levels.

You collected 10 gold pieces.

Inventory:

Hand Weapons
 a - a +1 dagger (weapon)
Armour
 b - a +0 robe (worn)
Scrolls
 c - a scroll of fear {unknown}


   Skills:
 - Level 1.1 Short Blades
 - Level 3.0 Dodging
 * Level 5.6 Stealth
 - Level 2.6 Spellcasting
 + Level 4.0 Hexes


You had 5 spell levels left.
You knew the following spells:

 Your Spells              Type           Power        Failure   Level
a - Corona                Hex            ###....      3%          1

Your spell library contained the following spells:

 Spells                   Type           Power        Failure   Level
 Confusing Touch          Hex            ###.....     11%         3
 Tukima's Dance           Hex            ###.....     11%         3
 Ensorcelled Hibernation  Hex/Ice        #.....       13%         2
 Dazzling Flash           Conj/Hex       #.....       26%         3


Dungeon Overview and Level Annotations

Branches:
Dungeon (2/15)

Altars:
Xom


Innate Abilities, Weirdness & Mutations

You are very small and have problems with some larger weapons.
You are too small for most types of armour.
You have supernaturally acute eyesight. (SInv)
You cover ground extremely quickly.


Message History

You closely miss the bat. The bat misses you. The bat closely misses you.
Things that are here:
a +0 club; an orc corpse The bat misses you.
You hit the bat.
The bat is severely wounded.
The bat completely misses you.
You hit the bat but do no damage.
The bat is severely wounded.
The bat closely misses you.
You hit the bat.
You kill the bat!
No target in view!
No target in view!
You start resting.
HP restored.
Unknown command.
You swing at nothing.
Are you sure you want to abandon this character and quit the game? (Confirm with "yes".)

##................ ..
#.................
...#.................
...#.................
..$..........?....#
#...............#
##...............##
#......<...........
#...รท..@.#.........
###....##)#..........
#......#....#.###...h
#.#.#.....##).### ..#
# #.!...#.##......###
#..##...#...#####
####...........#
...!.......#..#..#
..............##.#


There were no monsters in sight!

Vanquished Creatures
  An orc (D:2)
  A giant cockroach (D:1)
  2 goblins
  5 hobgoblins
  A quokka (D:2)
  2 bats
  2 frilled lizards
  3 kobolds (D:1)
  3 rats
20 creatures vanquished.

Notes
Turn   | Place    | Note
-------+----------+-------------------------------------------
     0 | D:1      | DogServant the Spriggan Enchanter began the quest for the
                  | Orb.
     0 | D:1      | Reached XP level 1. HP: 9/9 MP: 5/5
   422 | D:1      | Reached skill level 5 in Stealth
   436 | D:1      | Reached XP level 2. HP: 13/13 MP: 6/6
   871 | D:2      | Found a shimmering altar of Xom.
  1001 | D:2      | Quit the game

Illustrated notes

Levels and vault maps discovered:
D:1:      dpeg_arrival_simpleton_a, layout_basic, chequers_serial_rivers_micro_e
D:2:      layout_rooms, xom_redecorated, yredelemnul_forgotten_temple_becter,
          grunt_qazlal_clouds

Skill      XL: |  1  2 |
---------------+-------+-----
Stealth        | 5 |  5.6
Hexes          | 4 |  4.0
Short Blades   | |  1.1
Dodging        | |  3.0
Spellcasting   | |  2.6

Action                   || total
-------------------------++-------
Melee: Dagger            ||    74
 Cast: Corona            ||     2
  Use: Scroll            ||     1
 Stab: Sleeping          ||     5
       Distracted        ||     1
Armor: Robe              ||    17
Dodge: Dodged            ||    68

Table legend: (Time is in decaauts)
 A = Elapsed time spent in this place.
 B = Non-inter-level travel time spent in this place.
 C = Inter-level travel time spent in this place.
 D = Time resting spent in this place.
 E = Time spent auto-exploring this place.
 F = Levels seen in this place.
 G = Mean time per level.
                   A        B        C        D        E       F      G
               +--------+--------+--------+--------+--------+-----+--------+
         Total |    868 |    868 |      0 |    519 |    127 |   2 |  434.0 |
       Dungeon |    868 |    868 |      0 |    519 |    127 |   2 |  434.0 |
               +--------+--------+--------+--------+--------+-----+--------+

Top non-repeatable levels by time:
     D:1: 570 daAuts
     D:2: 298 daAuts
